[Event "Kragero Resort Chess A 2019"]
[Site "Kragero"]
[Date "2019.02.22"]
[Round "5.28"]
[White "Sidali, Elias Hulleberg"]
[Black "Jonsson, Gauti Pall"]
[Result "1/2-1/2"]
[ECO "B27"]
[WhiteElo "1840"]
[BlackElo "2070"]
[Annotator "NA"]
[PlyCount "87"]
[EventDate "2019.02.20"]
[EventType "swiss"]
[EventCountry "NOR"]
[SourceTitle "playchess.com"]
[Source "ChessBase"]
[SourceQuality "1"]
[TimeControl "5400+30"]

1. e4 c5 2. Nf3 g6 3. d4 cxd4 4. Qxd4 Nf6 5. Nc3 Nc6 6. Qa4 d6 7. e5 dxe5 8. Nxe5 Bg7 9. Bb5 O-O 10. Nxc6 bxc6 11. Bxc6 Rb8 12. O-O Qc7 13. Nd5 Nxd5 14. Bxd5 Be5 15. h3 Bf5 16. Bb3 Rfd8 17. c3 Rd6 18. Re1 Bh2+ 19. Kh1 Rbd8 20. Qc4 Qxc4 21. Bxc4 Rc6 22. Kxh2 Rxc4 23. Rxe7 a5 24. Re5 a4 25. Bh6 Be6 26. Re3 Rc5 27. Re4 Rb5 28. Rb4 Ra5 29. Be3 Rd3 30. a3 Bb3 31. Rd4 Rd5 32. Rxd3 Rxd3 33. Rc1 Bc4 34. Rc2 h5 35. Rd2 Rxd2 36. Bxd2 Kf8 37. Kg3 Ke7 38. Kf4 Kd6 39. h4 Bd5 40. g3 Kc5 41. c4 Kxc4 42. f3 Kd3 43. Bc3 Ke2 44. Bf6 1/2-1/2

[Event "Kragero Resort Chess A 2019"]
[Site "Kragero"]
[Date "2019.02.22"]
[Round "5.29"]
[White "Flasen, Aleksander"]
[Black "Schouten, Mathias Lind"]
[Result "1-0"]
[ECO "C11"]
[WhiteElo "2036"]
[BlackElo "1943"]
[Annotator "NA"]
[PlyCount "47"]
[EventDate "2019.02.20"]
[EventType "swiss"]
[EventCountry "NOR"]
[SourceTitle "playchess.com"]
[Source "ChessBase"]
[SourceQuality "1"]
[TimeControl "5400+30"]

1. e4 e6 2. Nf3 d5 3. Nc3 Nf6 4. e5 Nfd7 5. d4 c5 6. dxc5 Bxc5 7. Bd3 Nc6 8. Bf4 Qb6 9. O-O Qxb2 10. Nb5 O-O 11. Bxh7+ Kxh7 12. Ng5+ Kg6 13. Qd3+ f5 14. exf6+ Kxf6 15. Rfb1 Nb4 16. Qe2 Qxb1+ 17. Rxb1 e5 18. Nh7+ Kf7 19. Nxf8 exf4 20. Nxd7 Bxd7 21. c3 Bf5 22. cxb4 Bxb1 23. bxc5 Kf8 24. Nd6 1-0

[Event "Kragero Resort Chess A 2019"]
[Site "Kragero"]
[Date "2019.02.22"]
[Round "5.30"]
[White "Heimisson, Hilmir Freyr"]
[Black "Tunsjo, Axel"]
[Result "1-0"]
[ECO "D24"]
[WhiteElo "2394"]
[BlackElo "1937"]
[Annotator "NA"]
[PlyCount "86"]
[EventDate "2019.02.20"]
[EventType "swiss"]
[EventCountry "NOR"]
[SourceTitle "playchess.com"]
[Source "ChessBase"]
[SourceQuality "1"]
[TimeControl "5400+30"]

1. Nf3 Nf6 2. c4 e6 3. Nc3 d5 4. d4 dxc4 5. e4 Bb4 6. Bxc4 c5 7. O-O cxd4 8. Nxd4 O-O 9. Bg5 Be7 10. e5 Nfd7 11. Bf4 a6 12. a4 Nc6 13. Nxc6 bxc6 14. Qg4 Kh8 15. Rfd1 Qa5 16. Qe2 Nb6 17. Bd3 Bd7 18. Qe4 g6 19. Bh6 Rfd8 20. Qf4 Be8 21. Be4 Nd5 22. Bxd5 cxd5 23. Bg5 Bxg5 24. Qxg5 Rdc8 25. Qh6 Bc6 26. Rd4 Qd8 27. Rh4 Qg8 28. Rd1 Qg7 29. Qe3 Rab8 30. b4 f6 31. exf6 Qxf6 32. Qh3 Qf7 33. Qd3 Bb7 34. b5 axb5 35. Nxb5 Ba6 36. Nd6 Bxd3 37. Nxf7+ Kg7 38. Ng5 Bc2 39. Rxh7+ Kf6 40. f4 Rf8 41. Re1 Rbe8 42. Rc7 Bxa4 43. g4 Rh8 1-0

[Event "Kragero Resort Chess A 2019"]
[Site "Kragero"]
[Date "2019.02.22"]
[Round "5.31"]
[White "Gonzalez, Francisco Silva"]
[Black "Albzour, Abdalsalam"]
[Result "1-0"]
[ECO "D45"]
[WhiteElo "2142"]
[BlackElo "1869"]
[Annotator "NA"]
[PlyCount "49"]
[EventDate "2019.02.20"]
[EventType "swiss"]
[EventCountry "NOR"]
[SourceTitle "playchess.com"]
[Source "ChessBase"]
[SourceQuality "1"]
[TimeControl "5400+30"]

1. d4 c6 2. c4 e6 3. Nc3 d5 4. e3 Nf6 5. Nf3 Be7 6. Bd3 h6 7. O-O O-O 8. e4 dxe4 9. Nxe4 Nxe4 10. Bxe4 Nd7 11. Qe2 Nf6 12. Bc2 c5 13. Rd1 cxd4 14. Nxd4 Qc7 15. Rd3 Rd8 16. Nb5 Qc5 17. Be3 Qe5 18. f4 Qb8 19. g4 Kf8 20. g5 hxg5 21. fxg5 Rxd3 22. gxf6 Bxf6 23. Bc5+ Kg8 24. Qxd3 g6 25. Bd6 1-0

[Event "Kragero Resort Chess A 2019"]
[Site "Kragero"]
[Date "2019.02.23"]
[Round "6.7"]
[White "Getz, Nicolai"]
[Black "Tryggestad, Andreas Garberg"]
[Result "0-1"]
[ECO "B47"]
[WhiteElo "2398"]
[BlackElo "2351"]
[Annotator "ChessBase"]
[PlyCount "118"]
[EventDate "2019.02.20"]
[EventType "swiss"]
[EventCountry "NOR"]
[SourceTitle "playchess.com"]
[Source "ChessBase"]
[SourceQuality "1"]
[TimeControl "5400+30"]

1. e4 c5 2. Nf3 e6 3. d4 cxd4 4. Nxd4 Nc6 5. Nc3 Qc7 6. Be3 Nf6 7. Ndb5 Qb8 8. f4 a6 9. e5 Ng8 10. Nd6+ Bxd6 11. exd6 b5 12. Qg4 Kf8 13. O-O-O Nh6 14. Qh3 Bb7 15. g4 f5 16. gxf5 Nxf5 17. Rg1 Qe8 18. Bd3 Qf7 19. Rg5 g6 20. Rdg1 Rg8 21. Bxf5 exf5 22. Qh6+ Ke8 23. h4 Nd8 24. h5 Qg7 25. Qxg7 Rxg7 26. Rxf5 Ne6 27. Re5 Kf7 28. h6 Rgg8 29. a4 Bc6 30. axb5 axb5 31. Kb1 Ra6 32. b4 Kf6 33. Kb2 g5 34. Nd5+ Bxd5 35. Rxd5 g4 36. f5 Nd8 37. Bd4+ Kf7 38. Bg7 Nb7 39. Be5 Rb6 40. Rg3 Nd8 41. c3 Rg5 42. Bf4 Rg8 43. Be3 Ra6 44. Bf4 Rb6 45. Kb3 Kf6 46. Be3 Ra6 47. Bd4+ Kg5 48. Bg7 Nf7 49. f6+ Kh4 50. Rg1 Rxd6 51. Rxd6 Nxd6 52. Rd1 Nf7 53. Rxd7 g3 54. Rxf7 g2 55. Ra7 g1=Q 56. f7 Rc8 57. Ra2 Qd1+ 58. Kb2 Qe2+ 59. Kb1 Qf1+ 0-1

[Event "Kragero Resort Chess A 2019"]
[Site "Kragero"]
[Date "2019.02.23"]
[Round "6.13"]
[White "Lund, Gunnar"]
[Black "Osmak, Iulija"]
[Result "0-1"]
[ECO "C01"]
[WhiteElo "2211"]
[BlackElo "2394"]
[Annotator "ChessBase"]
[PlyCount "120"]
[EventDate "2019.02.20"]
[EventType "swiss"]
[EventCountry "NOR"]
[SourceTitle "playchess.com"]
[Source "ChessBase"]
[SourceQuality "1"]
[TimeControl "5400+30"]

1. e4 e6 2. d4 d5 3. exd5 exd5 4. Nf3 Nc6 5. Bb5 Bd6 6. O-O Nge7 7. Bg5 O-O 8. Bh4 a6 9. Be2 Bf5 10. c3 Qd7 11. Nbd2 Ng6 12. Bg3 Nf4 13. Re1 Rfe8 14. Nf1 Bg4 15. Bxf4 Bxf4 16. Ng3 Qd6 17. Qd3 g6 18. Bf1 h5 19. Ne2 Bh6 20. Ng3 Qf6 21. h3 Bxf3 22. Qxf3 Qxf3 23. gxf3 h4 24. Ne2 Re6 25. Red1 Rae8 26. Nc1 Rf6 27. Nd3 Rxf3 28. Bg2 Rf5 29. Re1 Rb8 30. Re2 b6 31. Rae1 Kf8 32. b4 Rd8 33. a4 Bg5 34. b5 axb5 35. axb5 Na7 36. Rb2 Nc8 37. Nb4 Ne7 38. Ra1 Bf4 39. Rba2 Kg7 40. Ra8 Rd6 41. R1a2 Re6 42. Nd3 Bd6 43. Kf1 Ng8 44. Re2 Rxe2 45. Kxe2 Nf6 46. Ne1 Rg5 47. Bf3 Ne4 48. Bxe4 dxe4 49. c4 Kf6 50. Nc2 Ke7 51. Rh8 f5 52. Rxh4 f4 53. Rg4 Rh5 54. h4 Kf6 55. f3 Kf5 56. Ne1 Be7 57. Ng2 g5 58. hxg5 Bxg5 59. Ne1 exf3+ 60. Kxf3 Rh3+ 0-1

[Event "Kragero Resort Chess A 2019"]
[Site "Kragero"]
[Date "2019.02.23"]
[Round "6.19"]
[White "Mkrtchyan, Anahit D."]
[Black "Stefansson, Vignir Vatnar"]
[Result "0-1"]
[ECO "A80"]
[WhiteElo "1841"]
[BlackElo "2263"]
[Annotator "NA RC"]
[PlyCount "76"]
[EventDate "2019.02.20"]
[EventType "swiss"]
[EventCountry "NOR"]
[SourceTitle "playchess.com"]
[Source "ChessBase"]
[SourceQuality "1"]
[TimeControl "5400+30"]

1. d4 f5 2. Bg5 h6 3. Bh4 g5 4. e3 Nf6 5. Bg3 d6 6. h4 g4 7. h5 Be6 8. Ne2 Bf7 9. Nf4 c6 10. Nd2 Qd7 11. Be2 Bg7 12. c3 O-O 13. Qc2 Re8 14. Bd3 e6 15. O-O-O Na6 16. f3 Nc7 17. Kb1 b5 18. e4 e5 19. dxe5 dxe5 20. Ne2 f4 21. Bh4 Qe6 22. c4 g3 23. Bxf6 Bxf6 24. Nb3 bxc4 25. Nc5 cxd3 26. Nxe6 dxc2+ 27. Kxc2 Nxe6 28. Rd6 Be7 29. Rxc6 Rac8 30. Rxc8 Rxc8+ 31. Nc3 Bb4 32. a3 Nd4+ 33. Kd3 Bc4+ 34. Kd2 Bxc3+ 35. bxc3 Nb3+ 36. Kc2 Rd8 37. Rd1 Rxd1 38. Kxd1 Bf1 0-1

[Event "Kragero Resort Chess A 2019"]
[Site "Kragero"]
[Date "2019.02.23"]
[Round "6.25"]
[White "Holand, Per Fredrik"]
[Black "Kazarian, Anna-Maja"]
[Result "0-1"]
[ECO "B18"]
[WhiteElo "2024"]
[BlackElo "2189"]
[Annotator "ChessBase"]
[PlyCount "120"]
[EventDate "2019.02.20"]
[EventType "swiss"]
[EventCountry "NOR"]
[SourceTitle "playchess.com"]
[Source "ChessBase"]
[SourceQuality "1"]
[TimeControl "5400+30"]

1. e4 c6 2. d4 d5 3. Nc3 dxe4 4. Nxe4 Bf5 5. Ng3 Bg6 6. h4 h6 7. Nh3 e5 8. dxe5 Qa5+ 9. c3 Qxe5+ 10. Be2 Nf6 11. Qb3 Qc7 12. Nf4 Bh7 13. Nfh5 Nbd7 14. Bf4 Qb6 15. O-O-O Qxb3 16. axb3 Nd5 17. Bc4 O-O-O 18. Bxd5 cxd5 19. Be3 Nc5 20. Bxc5 Bxc5 21. Rd2 d4 22. b4 Bb6 23. Rhd1 Kb8 24. Nxg7 Rc8 25. Rxd4 Bxd4 26. Rxd4 Rcd8 27. N7f5 Rxd4 28. Nxd4 f5 29. Ngxf5 Bxf5 30. Nxf5 h5 31. f3 Rd8 32. Kc2 Kc7 33. g4 Rg8 34. Ne3 Kd6 35. gxh5 Ke5 36. Nc4+ Kf4 37. Na5 Rg7 38. c4 Kxf3 39. b5 Ke4 40. Kc3 Rc7 41. Kb4 Kd4 42. c5 Kd5 43. c6 bxc6 44. bxc6 a6 45. Kc3 Rh7 46. b4 Rxh5 47. Kb3 Kd6 48. Kc3 Rxh4 49. Kb3 Kc7 50. Nc4 Kxc6 51. Na3 Kd5 52. Nc2 Rh3+ 53. Ka4 Rc3 54. Na3 Kc6 55. Nb1 Rc1 56. Na3 Kb6 57. Kb3 Rh1 58. Nc4+ Kc6 59. Na5+ Kb5 60. Ka3 Rh3+ 0-1

[Event "Kragero Resort Chess A 2019"]
[Site "Kragero"]
[Date "2019.02.23"]
[Round "6.29"]
[White "Sidali, Elias Hulleberg"]
[Black "Abdrlauf, Elham"]
[Result "0-1"]
[ECO "B27"]
[WhiteElo "1840"]
[BlackElo "2105"]
[Annotator "NA"]
[PlyCount "90"]
[EventDate "2019.02.20"]
[EventType "swiss"]
[EventCountry "NOR"]
[SourceTitle "playchess.com"]
[Source "ChessBase"]
[SourceQuality "1"]
[TimeControl "5400+30"]

1. e4 c5 2. Nf3 g6 3. d4 cxd4 4. Qxd4 Nf6 5. Nc3 Nc6 6. Qa4 d6 7. e5 dxe5 8. Nxe5 Bg7 9. Bb5 O-O 10. Nxc6 bxc6 11. Bxc6 Rb8 12. O-O Bf5 13. h3 Qc8 14. Re1 Bxc2 15. Qxc2 Qxc6 16. Rxe7 Nd5 17. Re1 Nxc3 18. bxc3 Qxc3 19. Qxc3 Bxc3 20. Bf4 Rbc8 21. Be3 Bxa1 22. Rxa1 a6 23. a4 a5 24. Bb6 Rc4 25. Bxa5 Ra8 26. Bb6 Rcxa4 27. Rxa4 Rxa4 28. Be3 f5 29. g3 Kf7 30. Kg2 Kf6 31. h4 Ke5 32. Kf3 Ra3 33. Kg2 Ke4 34. Bg5 Kd3 35. Kf3 Kc2+ 36. Ke2 Ra6 37. Kf3 Re6 38. Be3 Kd3 39. Kf4 Ke2 40. h5 gxh5 41. Kxf5 Rg6 42. Kf4 Rg4+ 43. Kf5 Kf3 44. Bb6 h4 45. gxh4 Rxh4 0-1

[Event "Kragero Resort Chess A 2019"]
[Site "Kragero"]
[Date "2019.02.23"]
[Round "6.30"]
[White "Jonsson, Gauti Pall"]
[Black "Boe, Oeyvind"]
[Result "0-1"]
[ECO "E17"]
[WhiteElo "2070"]
[BlackElo "1908"]
[Annotator "NA RC"]
[PlyCount "52"]
[EventDate "2019.02.20"]
[EventType "swiss"]
[EventCountry "NOR"]
[SourceTitle "playchess.com"]
[Source "ChessBase"]
[SourceQuality "1"]
[TimeControl "5400+30"]

1. d4 Nf6 2. c4 e6 3. Nf3 b6 4. g3 Bb7 5. Bg2 Be7 6. O-O O-O 7. Re1 d5 8. Ne5 c5 9. Be3 cxd4 10. Bxd4 Qc7 11. cxd5 Bxd5 12. e4 Bb7 13. Qe2 Rd8 14. Bc3 Na6 15. Nd2 Rac8 16. Rac1 Qb8 17. Ng4 Nxg4 18. Qxg4 Rxc3 19. Rxc3 Rxd2 20. Bf1 Bb4 21. Rf3 Rxb2 22. Rd1 Rd2 23. Rxd2 Bxd2 24. Bc4 Nc5 25. Bd3 Qd8 26. Bc2 f5 0-1

[Event "Kragero Resort Chess A 2019"]
[Site "Kragero"]
[Date "2019.02.23"]
[Round "6.31"]
[White "Fivelstad, Jon Olav"]
[Black "Saltvedt, Martin"]
[Result "1/2-1/2"]
[ECO "B36"]
[WhiteElo "1900"]
[BlackElo "2095"]
[Annotator "NA RC"]
[PlyCount "44"]
[EventDate "2019.02.20"]
[EventType "swiss"]
[EventCountry "NOR"]
[SourceTitle "playchess.com"]
[Source "ChessBase"]
[SourceQuality "1"]
[TimeControl "5400+30"]

1. e4 c5 2. Nf3 Nc6 3. d4 cxd4 4. Nxd4 g6 5. c4 Nf6 6. Nc3 Nxd4 7. Qxd4 d6 8. Be2 Bg7 9. O-O O-O 10. Qd1 a5 11. Be3 Be6 12. Rc1 Rc8 13. b3 Nd7 14. Qd2 Nc5 15. Bd4 Qd7 16. Bxg7 Kxg7 17. Qd4+ f6 18. Rcd1 h5 19. f4 Bg4 20. Bf3 Rfd8 21. h3 Bxf3 22. Rxf3 Ne6 1/2-1/2

[Event "Kragero Resort Chess A 2019"]
[Site "Kragero"]
[Date "2019.02.23"]
[Round "7.1"]
[White "Hammer, Jon Ludvig"]
[Black "Beerdsen, Thomas"]
[Result "1/2-1/2"]
[ECO "D94"]
[WhiteElo "2652"]
[BlackElo "2454"]
[Annotator "ChessBase"]
[PlyCount "60"]
[EventDate "2019.02.20"]
[EventType "swiss"]
[EventCountry "NOR"]
[SourceTitle "playchess.com"]
[Source "ChessBase"]
[SourceQuality "1"]
[TimeControl "5400+30"]

1. d4 d5 2. c4 c6 3. Nf3 Nf6 4. e3 g6 5. Nc3 Bg7 6. Bd3 O-O 7. O-O dxc4 8. Bxc4 Nbd7 9. a3 Nb6 10. Ba2 Bg4 11. h3 Bxf3 12. Qxf3 Qd6 13. Rd1 e5 14. Qg3 Nh5 15. Qf3 Nf6 16. dxe5 Qxe5 17. Bd2 Rad8 18. Be1 Qe7 19. Rxd8 Rxd8 20. Rd1 Rxd1 21. Qxd1 Nfd5 22. Nxd5 Nxd5 23. Qb3 Qd7 24. a4 Qc7 25. a5 h5 26. Qc2 Qd6 27. a6 bxa6 28. g3 Qe6 29. Qa4 Bxb2 30. Qxa6 Qd7 1/2-1/2

[Event "Kragero Resort Chess A 2019"]
[Site "Kragero"]
[Date "2019.02.23"]
[Round "7.3"]
[White "Ragnarsson, Dagur"]
[Black "Lie, Kjetil A."]
[Result "0-1"]
[ECO "A62"]
[WhiteElo "2361"]
[BlackElo "2538"]
[Annotator "ChessBase"]
[PlyCount "102"]
[EventDate "2019.02.20"]
[EventType "swiss"]
[EventCountry "NOR"]
[SourceTitle "playchess.com"]
[Source "ChessBase"]
[SourceQuality "1"]
[TimeControl "5400+30"]

1. d4 Nf6 2. c4 e6 3. g3 c5 4. d5 exd5 5. cxd5 d6 6. Nc3 g6 7. Bg2 Bg7 8. Nf3 O-O 9. O-O Re8 10. a4 Ne4 11. Nxe4 Rxe4 12. Nd2 Rb4 13. Ra2 Bd7 14. b3 b5 15. a5 Na6 16. Ba3 Qxa5 17. Qb1 Qb6 18. e4 Re8 19. Re1 c4 20. Bxb4 Nxb4 21. bxc4 Nxa2 22. Qxa2 Bd4 23. Nf3 Bc3 24. Re3 b4 25. Qe2 Bg4 26. Qd3 a5 27. e5 Bxf3 28. Bxf3 Bd4 29. Re4 dxe5 30. Bd1 Bxf2+ 31. Kg2 Bd4 32. g4 Rb8 33. Bb3 Qf6 34. Qc2 Rc8 35. Re2 Qh4 36. Qe4 a4 37. Bxa4 Rxc4 38. Rc2 f5 39. Qe2 Qxg4+ 40. Qxg4 Rxc2+ 41. Bxc2 fxg4 42. Kg3 Bg1 43. d6 Kf7 44. Bb3+ Kf6 45. Ba2 h5 46. d7 Bb6 47. Bb3 Kg5 48. Bc2 h4+ 49. Kg2 Kf4 50. Bxg6 h3+ 51. Kh1 b3 0-1

[Event "Kragero Resort Chess A 2019"]
[Site "Kragero"]
[Date "2019.02.23"]
[Round "7.7"]
[White "Kaasen, Tor Fredrik"]
[Black "Kjartansson, Gudmundur"]
[Result "0-1"]
[ECO "A25"]
[WhiteElo "2387"]
[BlackElo "2403"]
[Annotator "NA"]
[PlyCount "128"]
[EventDate "2019.02.20"]
[EventType "swiss"]
[EventCountry "NOR"]
[SourceTitle "playchess.com"]
[Source "ChessBase"]
[SourceQuality "1"]
[TimeControl "5400+30"]

1. c4 e5 2. g3 Nc6 3. Bg2 Bc5 4. Nc3 a6 5. Nf3 d6 6. e3 Ba7 7. O-O Nge7 8. b3 O-O 9. Bb2 Bg4 10. h3 Bh5 11. g4 Bg6 12. d4 exd4 13. exd4 h5 14. d5 hxg4 15. hxg4 Nb4 16. Ne1 a5 17. a3 Na6 18. Nd3 Bxd3 19. Qxd3 Ng6 20. Ne4 Qh4 21. Qh3 Qxh3 22. Bxh3 Nf4 23. Bg2 f5 24. gxf5 Rxf5 25. Rae1 Nc5 26. Ng3 Rg5 27. Bc1 Ncd3 28. Bxf4 Nxf4 29. Re4 Rf8 30. Kh2 Rf6 31. Re8+ Kf7 32. Rh8 Bc5 33. Bh1 Rgg6 34. Ne4 Rh6+ 35. Rxh6 Rxh6+ 36. Kg3 Nh5+ 37. Kf3 Bxa3 38. Ng5+ Kg8 39. Ne6 c5 40. Ke2 Bb2 41. Bf3 Nf6 42. Rg1 g6 43. Ke3 Be5 44. Be2 Kf7 45. f4 Rh3+ 46. Kd2 Ne4+ 47. Kd1 Bf6 48. Rg2 Rxb3 49. f5 gxf5 50. Bh5+ Ke7 51. Rg8 Bc3 52. Rf8 Rb1+ 53. Ke2 Ng3+ 54. Kd3 Nxh5 55. Kxc3 Ng7 56. Rh8 Nxe6 57. Rh7+ Ng7 58. Rxg7+ Kf6 59. Rh7 Rb6 60. Rh8 a4 61. Ra8 Ra6 62. Rf8+ Ke5 63. Kb2 a3+ 64. Ka2 f4 0-1

[Event "Kragero Resort Chess A 2019"]
[Site "Kragero"]
[Date "2019.02.23"]
[Round "7.8"]
[White "Osmak, Iulija"]
[Black "Khachatryan, Vahagn"]
[Result "1/2-1/2"]
[ECO "C47"]
[WhiteElo "2394"]
[BlackElo "2274"]
[Annotator "NA"]
[PlyCount "49"]
[EventDate "2019.02.20"]
[EventType "swiss"]
[EventCountry "NOR"]
[SourceTitle "playchess.com"]
[Source "ChessBase"]
[SourceQuality "1"]
[TimeControl "5400+30"]

1. e4 e5 2. Nf3 Nf6 3. Nc3 Nc6 4. d4 exd4 5. Nxd4 Bb4 6. Nxc6 bxc6 7. Bd3 d5 8. exd5 cxd5 9. O-O O-O 10. h3 c6 11. Qf3 a5 12. Bg5 Ba6 13. Rad1 Bxd3 14. Rxd3 Be7 15. Ne2 Ne4 16. Bxe7 Qxe7 17. Nd4 Rfe8 18. Rfd1 a4 19. c4 dxc4 20. Nxc6 Qe6 21. Rd7 a3 22. bxa3 c3 23. Nd8 Qf6 24. Nxf7 c2 25. Rc1 1/2-1/2

[Event "Kragero Resort Chess A 2019"]
[Site "Kragero"]
[Date "2019.02.23"]
[Round "7.10"]
[White "Sgircea, Silvia-Raluca"]
[Black "Hauge, Lars Oskar"]
[Result "0-1"]
[ECO "A87"]
[WhiteElo "2251"]
[BlackElo "2476"]
[Annotator "ChessBase"]
[PlyCount "104"]
[EventDate "2019.02.20"]
[EventType "swiss"]
[EventCountry "NOR"]
[SourceTitle "playchess.com"]
[Source "ChessBase"]
[SourceQuality "1"]
[TimeControl "5400+30"]

1. Nf3 f5 2. c4 Nf6 3. g3 g6 4. Bg2 Bg7 5. O-O O-O 6. d4 e6 7. b3 d6 8. Bb2 Qe7 9. Qc2 Nc6 10. Nc3 Kh8 11. Rad1 Bd7 12. a3 Nd8 13. b4 Nf7 14. Nd2 Rab8 15. e4 f4 16. gxf4 Nh5 17. Ne2 Nh6 18. e5 Nxf4 19. Nxf4 Rxf4 20. exd6 cxd6 21. Ne4 Rbf8 22. Bc1 R4f5 23. Ng3 R5f7 24. Qe4 b6 25. b5 Rc8 26. Qe2 Qh4 27. Qe4 Qd8 28. Qe2 Qc7 29. Ne4 Nf5 30. d5 e5 31. Ng5 Rf6 32. Ne6 Bxe6 33. dxe6 Rxe6 34. Bd5 Rf6 35. Bg5 Rff8 36. Qd3 Nd4 37. Be3 Nf5 38. a4 Qd7 39. f3 Nd4 40. Bxd4 exd4 41. f4 Qg4+ 42. Qg3 Rxf4 43. Rxf4 Qxd1+ 44. Rf1 Qe2 45. Qxd6 d3 46. Bf3 Qe3+ 47. Kh1 Rf8 48. Kg2 d2 49. Qd5 h5 50. Rd1 Bd4 51. Rf1 Be5 52. Rd1 Qg5+ 0-1

[Event "Kragero Resort Chess A 2019"]
[Site "Kragero"]
[Date "2019.02.23"]
[Round "7.11"]
[White "Ingebretsen, Jens E"]
[Black "Thorfinnsson, Bragi"]
[Result "0-1"]
[ECO "A40"]
[WhiteElo "2297"]
[BlackElo "2438"]
[Annotator "NA"]
[PlyCount "72"]
[EventDate "2019.02.20"]
[EventType "swiss"]
[EventCountry "NOR"]
[SourceTitle "playchess.com"]
[Source "ChessBase"]
[SourceQuality "1"]
[TimeControl "5400+30"]

1. c4 b6 2. e4 Bb7 3. Nc3 e6 4. d4 Bb4 5. Bd3 f5 6. d5 fxe4 7. Bxe4 Qh4 8. Qe2 Nf6 9. Bf3 O-O 10. dxe6 Nc6 11. Be3 Ne4 12. Rc1 Ne5 13. Bd4 Qf4 14. Rc2 c5 15. Bxe5 Qxe5 16. Bxe4 Qxe4 17. f3 Qh4+ 18. Qf2 Qxc4 19. exd7 Qe6+ 20. Nge2 c4 21. Qh4 Be7 22. Qg3 Bc5 23. Rd2 Rad8 24. h4 Be3 25. Rd6 Qe7 26. Rd1 Rxd7 27. Qg4 Rxd1+ 28. Nxd1 Bf4 29. Kf1 Bc8 30. Qh5 Rf5 31. Qg4 Rf8 32. Qh5 Rf5 33. Qg4 Qd6 34. Ndc3 h5 35. Qh3 Rf8 36. Ne4 Qd3 0-1

[Event "Kragero Resort Chess A 2019"]
[Site "Kragero"]
[Date "2019.02.23"]
[Round "7.12"]
[White "Mikalsen, Erlend"]
[Black "Ranaldi, Lucas"]
[Result "1-0"]
[ECO "B19"]
[WhiteElo "2406"]
[BlackElo "2229"]
[Annotator "NA"]
[PlyCount "117"]
[EventDate "2019.02.20"]
[EventType "swiss"]
[EventCountry "NOR"]
[SourceTitle "playchess.com"]
[Source "ChessBase"]
[SourceQuality "1"]
[TimeControl "5400+30"]

1. e4 c6 2. d4 d5 3. Nc3 dxe4 4. Nxe4 Bf5 5. Ng3 Bg6 6. h4 h6 7. Nf3 Nd7 8. h5 Bh7 9. Bd3 Bxd3 10. Qxd3 e6 11. Bd2 Ngf6 12. O-O-O Be7 13. Ne4 Nxe4 14. Qxe4 Nf6 15. Qe2 Qd5 16. Kb1 O-O 17. Ne5 Qe4 18. Qxe4 Nxe4 19. Be3 Rfd8 20. Nd3 Nf6 21. f3 b5 22. c3 Rac8 23. g4 a6 24. Ne5 Nd7 25. Kc2 Nxe5 26. dxe5 Rd5 27. Rxd5 cxd5 28. Kd3 f6 29. exf6 Bxf6 30. f4 Rf8 31. g5 Be7 32. gxh6 gxh6 33. Rg1+ Kh7 34. Rg6 Rf6 35. Rxf6 Bxf6 36. Bd4 Kg7 37. Be5 Kf7 38. Kd4 Be7 39. f5 b4 40. fxe6+ Kxe6 41. Bg7 bxc3 42. bxc3 Bg5 43. Kc5 Be3+ 44. Bd4 Bf4 45. Kb6 Kd6 46. Kxa6 Kc6 47. Ka5 Bc7+ 48. Kb4 Bd6+ 49. Kb3 Bf4 50. Kc2 Kb5 51. Kd3 Bd6 52. Ke3 Be7 53. Kf4 Kc4 54. Ke5 Ba3 55. Ke6 Bc1 56. Kd6 Bg5 57. Kc6 Bd8 58. a4 Ba5 59. Bf6 1-0

[Event "Kragero Resort Chess A 2019"]
[Site "Kragero"]
[Date "2019.02.23"]
[Round "7.13"]
[White "Stefansson, Vignir Vatnar"]
[Black "Getz, Nicolai"]
[Result "1/2-1/2"]
[ECO "E92"]
[WhiteElo "2263"]
[BlackElo "2398"]
[Annotator "NA"]
[PlyCount "137"]
[EventDate "2019.02.20"]
[EventType "swiss"]
[EventCountry "NOR"]
[SourceTitle "playchess.com"]
[Source "ChessBase"]
[SourceQuality "1"]
[TimeControl "5400+30"]

1. d4 Nf6 2. c4 g6 3. Nc3 Bg7 4. e4 d6 5. Be2 O-O 6. Nf3 e5 7. Be3 Ng4 8. Bg5 f6 9. Bc1 Nc6 10. d5 Nd4 11. h3 Nxe2 12. Qxe2 Nh6 13. g4 Nf7 14. Be3 c5 15. dxc6 bxc6 16. O-O-O Qa5 17. Qc2 Be6 18. Nd2 Qb4 19. Qa4 a5 20. a3 Qb7 21. Qc2 Rab8 22. Na4 Qa6 23. f3 Rfd8 24. h4 Bf8 25. h5 g5 26. Kb1 d5 27. Bc5 Nd6 28. Bxd6 Bxd6 29. Nb3 d4 30. Rc1 Qa7 31. Ka2 d3 32. Qd2 Rb4 33. axb4 axb4 34. Kb1 Qxa4 35. Qxd3 Bc7 36. Qe3 Ra8 37. Kc2 Qa6 38. Nd2 Bxc4 39. Ra1 Ba2 40. Qd3 Qxd3+ 41. Kxd3 Bb6 42. Kc2 Bd4 43. Nb3 c5 44. Nxd4 exd4 45. b3 Ra3 46. Kb2 c4 47. bxc4 Bxc4 48. Rxa3 bxa3+ 49. Kxa3 Be2 50. Kb2 Kf7 51. Rh3 Ke6 52. Kc2 Ke5 53. Kd2 Bf1 54. Rh1 Bg2 55. Ra1 Bxf3 56. Ra5+ Kxe4 57. Ra7 Bxg4 58. Rxh7 Bf5 59. Rf7 g4 60. h6 g3 61. h7 Bxh7 62. Rxh7 g2 63. Rg7 Kf3 64. Kd3 Kf2 65. Kxd4 g1=Q 66. Rxg1 Kxg1 67. Ke4 Kg2 68. Kf5 Kg3 69. Kxf6 1/2-1/2

[Event "Kragero Resort Chess A 2019"]
[Site "Kragero"]
[Date "2019.02.23"]
[Round "7.14"]
[White "Mihajlov, Sebastian"]
[Black "Nordquelle, Daniel"]
[Result "1/2-1/2"]
[ECO "B90"]
[WhiteElo "2357"]
[BlackElo "2235"]
[Annotator "NA"]
[PlyCount "43"]
[EventDate "2019.02.20"]
[EventType "swiss"]
[EventCountry "NOR"]
[SourceTitle "playchess.com"]
[Source "ChessBase"]
[SourceQuality "1"]
[TimeControl "5400+30"]

1. e4 c5 2. Nf3 d6 3. d4 cxd4 4. Nxd4 Nf6 5. Nc3 a6 6. f3 h5 7. Be3 e5 8. Nb3 Be6 9. Nd5 Bxd5 10. exd5 g6 11. Qd2 b6 12. Be2 Nbd7 13. c4 Bg7 14. O-O a5 15. Rac1 O-O 16. Na1 Nc5 17. Nc2 Qd7 18. Na3 e4 19. f4 Ng4 20. Bxg4 hxg4 21. Nb5 f5 22. Bd4 1/2-1/2

[Event "Kragero Resort Chess A 2019"]
[Site "Kragero"]
[Date "2019.02.23"]
[Round "7.15"]
[White "Doluhanova, Evgeniya"]
[Black "Vitenberg, Noam Aviv"]
[Result "1-0"]
[ECO "B13"]
[WhiteElo "2348"]
[BlackElo "2180"]
[Annotator "NA"]
[PlyCount "147"]
[EventDate "2019.02.20"]
[EventType "swiss"]
[EventCountry "NOR"]
[SourceTitle "playchess.com"]
[Source "ChessBase"]
[SourceQuality "1"]
[TimeControl "5400+30"]

1. e4 c6 2. d4 d5 3. exd5 cxd5 4. Bf4 Nc6 5. c3 Bf5 6. Nd2 e6 7. Qb3 Bd6 8. Qxb7 Bxf4 9. Qxc6+ Kf8 10. Ngf3 Rb8 11. Qa4 Ne7 12. b4 Qc7 13. Qa3 g5 14. g3 Bd6 15. Qb2 Kg7 16. Nb3 Be4 17. Bg2 a5 18. a3 Rhc8 19. Rc1 a4 20. Nbd2 g4 21. Nh4 Bd3 22. Bf1 Bxf1 23. Nxf1 e5 24. Ne3 exd4 25. Nhf5+ Nxf5 26. Nxf5+ Kh8 27. Nxd4 Re8+ 28. Kd1 Qc4 29. Qd2 Re4 30. Re1 Rbe8 31. Rxe4 Rxe4 32. Nf5 Be5 33. Ne3 Qb3+ 34. Qc2 Qxa3 35. Nxd5 Rc4 36. Qe2 Qb3+ 37. Qc2 Qa3 38. Ke2 Bg7 39. Qd2 Re4+ 40. Ne3 Re8 41. Qc2 Rc8 42. Nd5 Re8+ 43. Kf1 Rc8 44. Re1 Rd8 45. Rd1 h6 46. Ne3 Rc8 47. Nd5 Rd8 48. Ne3 Rc8 49. b5 Qxc3 50. Qxa4 h5 51. b6 Rb8 52. Qb5 Qf6 53. Qxh5+ Kg8 54. Qxg4 Qc6 55. Kg1 Kf8 56. Qb4+ Kg8 57. Nd5 Qe6 58. Ne7+ Kh7 59. Rd6 Qxe7 60. Rh6+ Kxh6 61. Qxe7 Rxb6 62. Qxf7 Rg6 63. Kg2 Bf6 64. f4 Bg7 65. h4 Rf6 66. Qd5 Kh7 67. Qe4+ Kg8 68. g4 Rf7 69. g5 Kf8 70. Qa8+ Ke7 71. Qb7+ Kf8 72. Qc8+ Ke7 73. f5 Be5 74. Qe6+ 1-0